 Dungeon Crawl Stone Soup version 0.29.1-1-gd02db6906a (webtiles) character file.

Game seed: 206353483164071052

8112 VardenPike the Thaumaturge (level 11, 0/70 HPs)
             Began as a Demonspawn Ice Elementalist on Sept 13, 2022.
             Was a High Priest of Vehumet.
             Slain by Grum
             ... wielding a +1 halberd
              (15 damage)
             ... on level 10 of the Dungeon on Sept 15, 2022.
             The game lasted 01:31:52 (10343 turns).

VardenPike the Thaumaturge (DsIE)                  Turns: 10343, Time: 01:31:53

Health: 0/70       AC: 16    Str:  9    XL:     11   Next: 5%
Magic:  24/33      EV:  9    Int: 22    God:    Vehumet [*****.]
Gold:   377        SH:  0    Dex: 14    Spells: 14/29 levels left

rFire   . . .      SeeInvis .   c - staff of cold
rCold   + + .      Faith    .   (no shield)
rNeg    + . .      Spirit   .   y - +1 scale mail {rN+}
rPois   .          Reflect  .   (no helmet)
rElec   .          Harm     .   (cloak unavailable)
rCorr   .          Rampage  .   q - +2 pair of gloves {infuse}
Will    +....                   g - +2 pair of boots
Stlth   +.........              (no amulet)
HPRegen 0.21/turn               m - ring of magical power
MPRegen 0.23/turn               a - ring "Diutigik" {rC+ Will+ Int+2 Slay+3}

@: invisible
A: thin metallic scales 1, demonic magic 3, weakness stinger 3
a: Renounce Religion


You were on level 10 of the Dungeon.
You worshipped Vehumet.
Vehumet was extremely pleased with you.
You visited 2 branches of the dungeon, and saw 9 of its levels.
You also visited: Sewer.

You collected 437 gold pieces.
You spent 60 gold pieces at shops.

Inventory:

Hand Weapons
 n - the +8 dagger "Hell-Harrower" {vamp, Contam rN++ Dex+6}
   (You found it on level 7 of the Dungeon)

   It occasionally heals its wielder for a portion of the damage dealt when it
   wounds a living foe.
   Dex:       It affects your dexterity (+6).
   rN:        It greatly protects you from negative energy.
   Contam:    It causes magical contamination when unequipped.
 u - the +3 mace of Luxury {holy, *Noise rC+++ rCorr Dex-2}
   (You found it on level 3 of the Dungeon)

   It has been blessed by the Shining One to cause great damage to the undead
   and demons.
   Dex:       It affects your dexterity (-2).
   rC:        It renders you almost immune to cold.
   *Noise:    It may make noises in combat.
   rCorr:     It protects you from acid and corrosion.
 B - the +3 trident of Profit {spect, rElec rPois rF++ Int-4}
   (You found it on level 6 of the Dungeon)

   When its wielder attacks, the weapon's spirit leaps out and strikes again.
   The spirit shares a part of any damage it takes with its wielder.
   Int:       It affects your intelligence (-4).
   rF:        It greatly protects you from fire.
   rElec:     It insulates you from electricity.
   rPois:     It protects you from poison.
Armour
 g - a +2 pair of boots (worn)
 q - a +2 pair of gloves of infusion (worn)
 y - a +1 scale mail of positive energy (worn)
Magical Staves
 c - a staff of cold (weapon)
Jewellery
 a - the ring "Diutigik" (right hand) {rC+ Will+ Int+2 Slay+3}
   (You found it on level 4 of the Dungeon)

   [ring of willpower]

   Int:       It affects your intelligence (+2).
   Slay:      It affects your accuracy & damage with ranged weapons and melee
   (+3).
   rC:        It protects you from cold.
   Will:      It increases your willpower.
 j - a +6 ring of dexterity
 m - a ring of magical power (left hand)
 w - a ring of magical power
 z - a +4 ring of evasion
Wands
 k - a wand of roots (11)
 p - a wand of flame (25)
Scrolls
 f - a scroll of fog
 i - 3 scrolls of teleportation
 t - a scroll of fear
Potions
 b - 2 potions of magic
 d - 3 potions of flight
 e - a potion of curing
 l - 2 potions of haste
 o - 2 potions of invisibility
 r - a potion of resistance {unknown}
 s - 3 potions of mutation
 v - a potion of attraction
 x - a potion of berserk rage {unknown}
 A - a potion of lignification


   Skills:
 + Level 1.1 Fighting
 + Level 0.1(1.9) Maces & Flails
 + Level 3.2 Staves
 + Level 4.7 Armour
 + Level 4.0 Dodging
 + Level 3.7 Stealth
 + Level 9.8 Spellcasting
 + Level 6.0 Conjurations
 + Level 8.1 Ice Magic
 + Level 6.0 Earth Magic
 + Level 1.8 Evocations


You had 14 spell levels left.
You knew the following spells:

 Your Spells              Type           Power      Damage    Failure   Level
a - Freeze                Ice            100%       1d11      1%          1
b - Magic Dart            Conj           100%       1d8       1%          1
c - Ozocubu's Armour      Ice            63%        N/A       4%          3
d - Frozen Ramparts       Ice            100%       1d16      1%          3
e - Hailstorm             Conj/Ice       58%        3d13      6%          4
f - Stone Arrow           Conj/Erth      74%        3d11      3%          3

Your spell library contained the following spells:

 Spells                   Type           Power      Damage    Failure   Level
 Yara's Violent Unravell  Hex/Tmut       5%         3d4       94%         5
 Dazzling Flash           Conj/Hex       48%        N/A       11%         3
 Iskenderun's Mystic Bla  Conj/Tloc      24%        2d7       30%         4
 Ice Form                 Ice/Tmut       42%        N/A       61%         4
 Summon Ice Beast         Ice/Summ       42%        N/A       61%         4
 Portal Projectile        Hex/Tloc       20%        N/A       77%         3
 Tukima's Dance           Hex            10%        N/A       77%         3
 Animate Armour           Summ/Erth      48%        N/A       77%         4
 Starburst                Conj/Fire      12%        6d5       98%         6
 Blade Hands              Tmut           5%         N/A       100%        5
 Lehudib's Crystal Spear  Conj/Erth      18%        10d6      100%        8


Dungeon Overview and Level Annotations

Branches:
Dungeon (10/15)            Temple (1/1) D:4           Sewer (visited)
   Lair: D:8-11         Orc: D:9-12

Altars:
Ashenzari
Cheibriados
Fedhas
Gozag
Hepliaklqana
Kikubaaqudgha
Makhleb
Nemelex Xobeh
Okawaru
Ru
Sif Muna
Trog
Uskayaw
Vehumet
Wu Jian
Xom
Yredelemnul

Shops:
D:2 !

Portals:
Trove: D:10 (give 7 scrolls of blinking)

Annotations:
D:10 Grum


Innate Abilities, Weirdness & Mutations

You are partially covered in thin metallic scales. (AC +2)
Spells you cast and wands you use may paralyse nearby enemies.
You have a sharp stinger which inflicts weakening toxins.


Message History

The wolf is no longer paralysed.
The wolf bites you.
Grum drinks a potion.
Grum flickers and vanishes!
Deactivating autopickup; reactivate with Ctrl-A.
You see here a yak corpse.
You barely miss the wolf.
Your tail-slap misses the wolf.
The wolf is heavily wounded.
The wolf bites you but does no damage. x2; The gnoll completely misses you.
You closely miss the wolf.
The wolf is heavily wounded.
The wolf bites you but does no damage. The wolf barely misses you.
Something hits you!
Aiming: Freeze (safe; 1% risk of failure)
Press: ? - help, Q - select action, (/) - cycle Shift-Dir - straight line, f - wolf
Aim: a wolf (heavily wounded)
You feel a surge of power!
You freeze the wolf.
The wolf is severely wounded.
Malevolent energies surge around you.
The gnoll suddenly stops moving!
The wolf suddenly stops moving!
Something hits you!!
* * * LOW HITPOINT WARNING * * *
You feel better. Something hits you.
* * * LOW HITPOINT WARNING * * *
Level annotation: Grum Welcome back, VardenPike the Demonspawn Ice Elementalist.
Vehumet says: Let it end in hellfire!
Press ? for a list of commands and other information.
You fade into invisibility!
Something hits you!
* * * LOW HITPOINT WARNING * * *
Deactivating autopickup; reactivate with Ctrl-A.
The wolf is no longer paralysed.
The gnoll is no longer paralysed.
You feel better. The wolf bites you but does no damage.
Aiming: Freeze (safe; 1% risk of failure)
Press: ? - help, Q - select action, (/) - cycle Shift-Dir - straight line, f - wolf
Aim: a wolf (severely wounded)
You feel a surge of power!
You freeze the wolf.
The wolf is almost dead.
Malevolent energies surge around you.
The gnoll suddenly stops moving!
The wolf bites you but does no damage. Something hits you!
You die...

...# ...# ...#########
##########. ...........#
#........[. ...........#
#.......... ...........#
#..........
...........######..))).....
##..#####..........†[......
#..# #.......@h{g†......
#..# #..######..........
#..# #..# #.......... ##..#
#..# #..#######. ....# #..#
#..# ....# #..# #..#
#..#####..# #..#
#.........# #..#
#.(.......# .<#


You could see a wolf and a gnoll (paralysed).

Vanquished Creatures
  A vault guard (D:10)
  A deep elf pyromancer (D:10)
  A komodo dragon (D:10)
  Maggie (D:6)
  Sigmund (D:6)
  5 yaks (D:10)
  A wyvern (D:10)
  2 steam dragons
  Edmund (D:5)
  An acid dragon (D:10)
  The ghost of masschaos23 the Sneak, an amateur OpBr (D:3)
  Duvessa (D:5)
  A water moccasin (D:5)
  4 black bears
  2 ogres
  2 wolves (D:10)
  2 centaurs
  2 kobold brigands (Sewer)
  3 gnoll sergeants
  A scorpion (D:6)
  2 necrophages
  4 bullfrogs
  Dowan (D:5)
  10 killer bees
  A howler monkey (D:7)
  3 orc priests (D:5)
  A gnoll bouda (D:6)
  3 hounds
  4 jellies
  5 iguanas
  9 orc wizards
  17 gnolls
  9 adders
  A shadow imp (D:7)
  2 worms
  3 dart slugs
  16 orcs
  6 endoplasms
  9 giant cockroaches
  5 goblins
  5 hobgoblins
  A jackal (D:4)
  21 kobolds
  4 quokkas
  5 ball pythons
  4 bats
  4 frilled lizards
  6 rats
195 creatures vanquished.

Vanquished Creatures (others)
  3 plants (Sewer)
3 creatures vanquished.

Grand Total: 198 creatures vanquished

Notes
Turn   | Place    | Note
-------+----------+-------------------------------------------
     0 | D:1      | VardenPike the Demonspawn Ice Elementalist began the quest
                  | for the Orb.
     0 | D:1      | Reached XP level 1. HP: 13/13 MP: 3/3
   401 | D:1      | Found a faded altar of an unknown god.
   412 | D:1      | Prayed at the altar of an unknown god.
   412 | D:1      | Became a worshipper of Vehumet
   412 | D:1      | Reached * piety under Vehumet
   412 | D:1      | Offered knowledge of Magic Dart by Vehumet.
   415 | D:1      | Learned a level 1 spell: Magic Dart
   451 | D:1      | Gained mutation: You have a small tail. [demonic ancestry]
   451 | D:1      | Reached XP level 2. HP: 7/19 MP: 1/5
  1901 | D:2      | Identified a scroll of acquirement
  1901 | D:2      | Acquired a staff of cold
  2031 | D:2      | Gained mutation: Spells you cast may paralyse adjacent
                  | enemies. [demonic ancestry]
  2031 | D:2      | Reached XP level 3. HP: 23/24 MP: 0/6
  2278 | D:2      | Found Cejuih's Distillery.
  2284 | D:2      | Bought 2 potions of curing for 60 gold pieces
  3134 | D:3      | Found a broken altar of Ashenzari.
  3265 | D:3      | Found a glowing drain.
  3272 | D:3      | Reached ** piety under Vehumet
  3273 | D:3      | Offered knowledge of Static Discharge by Vehumet.
  3284 | D:3      | Gained mutation: You are partially covered in thin metallic
                  | scales. (AC +2) [demonic ancestry]
  3284 | D:3      | Reached XP level 4. HP: 25/30 MP: 0/8
  3293 | D:3      | Noticed an angel
  3434 | Sewer    | Entered a sewer
  3467 | Sewer    | Reached skill level 3 in Spellcasting
  3533 | Sewer    | Noticed a kobold brigand
  3533 | Sewer    | Noticed a kobold brigand
  3539 | Sewer    | Killed a kobold brigand
  3540 | Sewer    | Gained mutation: Spells you cast may paralyse nearby
                  | enemies. [demonic ancestry]
  3540 | Sewer    | Reached XP level 5. HP: 34/36 MP: 10/10
  3617 | Sewer    | Offered knowledge of Mephitic Cloud by Vehumet.
  3759 | D:3      | Found a shimmering altar of Xom.
  3862 | D:3      | Identified the +3 mace of Luxury {holy, *Noise rC+++ rCorr
                  | Dex-2}
  3946 | D:3      | Found a runed translucent door.
  3953 | D:3      | Noticed masschaos23's ghost (amateur OpBr)
  3959 | D:3      | Learned a level 3 spell: Ozocubu's Armour
  3965 | D:3      | Killed masschaos23's ghost
  3966 | D:3      | Reached skill level 4 in Spellcasting
  3966 | D:3      | Reached skill level 5 in Ice Magic
  3966 | D:3      | Reached XP level 6. HP: 42/42 MP: 12/12
  4112 | D:3      | Learned a level 3 spell: Frozen Ramparts
  4559 | D:4      | Found a staircase to the Ecumenical Temple.
  4590 | D:4      | Reached skill level 1 in Conjurations
  4643 | Temple   | Entered the Ecumenical Temple
  5040 | D:4      | Reached *** piety under Vehumet
  5041 | D:4      | Gained mutation: You have a tail ending in a sharp stinger.
                  | [demonic ancestry]
  5041 | D:4      | Reached XP level 7. HP: 47/47 MP: 13/13
  5167 | D:4      | Reached skill level 5 in Spellcasting
  5176 | D:4      | Learned a level 4 spell: Hailstorm
  5180 | D:4      | Learned a level 3 spell: Stone Arrow
  5485 | D:4      | Identified the ring "Diutigik" {rC+ Will+ Int+2 Slay+3}
  5767 | D:5      | Entered Level 5 of the Dungeon
  5890 | D:5      | Reached skill level 1 in Armour
  5979 | D:5      | Found a burning altar of Makhleb.
  6068 | D:5      | Noticed Duvessa
  6068 | D:5      | Noticed Dowan
  6077 | D:5      | Killed Duvessa
  6078 | D:5      | Reached skill level 1 in Earth Magic
  6079 | D:5      | Killed Dowan
  6227 | D:5      | Reached skill level 6 in Spellcasting
  6227 | D:5      | Reached XP level 8. HP: 53/53 MP: 17/17
  6457 | D:5      | Noticed Edmund
  6465 | D:5      | Killed Edmund
  6466 | D:5      | Reached skill level 1 in Fighting
  6588 | D:5      | Reached skill level 1 in Evocations
  6864 | D:5      | Offered knowledge of Olgreb's Toxic Radiance by Vehumet.
  7019 | D:5      | Reached skill level 8 in Spellcasting
  7019 | D:5      | Gained mutation: Spells you cast and wands you use may
                  | paralyse nearby enemies. [demonic ancestry]
  7019 | D:5      | Reached XP level 9. HP: 56/59 MP: 20/21
  7255 | D:5      | Reached skill level 5 in Earth Magic
  7952 | D:6      | Noticed Sigmund
  7955 | D:6      | Killed Sigmund
  8107 | D:6      | Identified the +3 trident of Profit {spect, rElec rPois
                  | rF++ Int-4}
  8199 | D:6      | Gained mutation: You have a sharp stinger which inflicts
                  | weakening toxins. [demonic ancestry]
  8199 | D:6      | Reached XP level 10. HP: 65/65 MP: 22/22
  8523 | D:6      | Reached **** piety under Vehumet
  8539 | D:6      | Reached skill level 5 in Conjurations
  8557 | D:6      | Identified the +1 leather armour of Gehenna {-Cast Will++
                  | Regen+ Dex+3}
  8666 | D:6      | Noticed Maggie
  8675 | D:6      | Killed Maggie
  8675 | D:6      | Offered knowledge of Freezing Cloud by Vehumet.
  9182 | D:7      | Identified the +8 dagger "Hell-Harrower" {vamp, Contam rN++
                  | Dex+6}
  9396 | D:7      | Reached skill level 9 in Spellcasting
  9984 | D:7      | You fall into a shaft and drop 3 floors!
  9984 | D:10     | Entered Level 10 of the Dungeon
 10025 | D:10     | Reached ***** piety under Vehumet
 10025 | D:10     | Offered knowledge of Yara's Violent Unravelling by Vehumet.
 10107 | D:10     | Noticed a vault guard
 10114 | D:10     | Killed a vault guard
 10149 | D:10     | Found a portal to a secret trove of treasure.
 10317 | D:10     | Noticed a deep elf pyromancer
 10325 | D:10     | Killed a deep elf pyromancer
 10327 | D:10     | Reached XP level 11. HP: 47/70 MP: 24/24
 10329 | D:10     | Noticed Grum
 10338 | D:10     | Upgraded the game from 0.29.1 to 0.29.1-1-gd02db6906a
 10343 | D:10     | Slain by Grum

Illustrated notes

Levels and vault maps discovered:
D:1:      nagdon_arrival_zigzag_paths, layout_loops_ring,
          hellmonk_ecumenical_altar_lost_god
D:2:      layout_basic, serial_shops, shop, serial_corexii_hall,
          corexii_hall_statues_x, corexii_hall_statues_u
D:3:      layout_loops_ring, grunt_temple_overflow_order_and_chaos_1,
          evilmike_ruin_ashenzari, ebering_ghost_sewer_d,
          cheibrodos_sewer_entry_drain
D:4:      layout_basic, minmay_temple_entry_wispy, abandoned_shop
D:5:      kennysheep_six_static_rooms, layout_basic, makhleb_heckhound_becter,
          uniq_edmund, uniq_duvessa
D:6:      layout_cave_pods, uniq_sigmund, uniq_maggie
D:7:      layout_basic
D:10:     layout_small_grid, minmay_orc_entry_temple_large, enter_trove_5,
          uniq_grum
Temple:   hellmonk_temple_of_storms

Skill      XL: |  1  2  3  4  5  6  7  8  9 10 |
---------------+-------------------------------+-----
Ice Magic      | 4 5 7 8 |  8.1
Stealth        | 2 3 |  3.7
Spellcasting   | 3 4 6 8 9 |  9.8
Dodging        | 2 4 |  4.0
Conjurations   | 1 4 6 |  6.0
Armour         | 1 3 4 |  4.7
Earth Magic    | 1 4 5 6 |  6.0
Fighting       | 1 |  1.1
Evocations     | 1 |  1.8
Staves         | 3 |  3.2
Maces & Flails | |  0.1

Action                   |  1- 3 |  4- 6 |  7- 9 | 10-12 || total
-------------------------+-------+-------+-------+-------++-------
Melee: Whip              |    34 |       |       |       ||    34
       Dagger            |     5 |       |       |       ||     5
       Staff             |    21 |    22 |    16 |    14 ||    73
       Tailslap          |     6 |     4 |     4 |     3 ||    17
       Punch             |     2 |       |       |       ||     2
Throw: Throwing net      |       |       |       |     1 ||     1
 Cast: Freeze            |    39 |    26 |    18 |    10 ||    93
       Magic Dart        |    10 |    23 |    12 |     2 ||    47
       Ozocubu's Armour  |       |     3 |     5 |     1 ||     9
       Frozen Ramparts   |       |     2 |     7 |     2 ||    11
       Stone Arrow       |       |       |    56 |    67 ||   123
       Hailstorm         |       |       |     3 |    14 ||    17
Evoke: Wand              |       |     5 |     1 |     6 ||    12
  Use: Scroll            |    13 |     1 |     2 |     4 ||    20
       Potion            |       |     3 |     3 |     3 ||     9
 Stab: Sleeping          |     1 |       |       |       ||     1
       Paralysed         |     1 |     2 |     1 |     2 ||     6
Armor: Robe              |    13 |     3 |       |       ||    16
       Ring mail         |       |    11 |     5 |       ||    16
       Scale mail        |       |       |     9 |    15 ||    24
Dodge: Dodged            |    54 |    18 |    15 |    10 ||    97
